 Dungeon Crawl Stone Soup version 0.31-a0-931-g7b59d4eb97 (webtiles) character file.

Game seed: 1762818468647323711

33 Shayle the Trooper (level 3, 0/36 HPs)
             Began as an Ogre Hexslinger on Oct 19, 2023.
             Slain by a gnoll
             ... wielding a +0 club
              (5 damage)
             ... on level 2 of the Dungeon.
             The game lasted 00:01:02 (978 turns).

Shayle the Trooper (Ogre Hexslinger)                 Turns: 978, Time: 00:01:03

Health: 0/36       AC:  3    Str: 12    XL:     3   Next: 29%
Magic:  4/4        EV: 10    Int: 16    God:
Gold:   121        SH:  0    Dex: 11    Spells: 4/4 levels left

rFire   . . .        a - +1 sling
rCold   . . .        (no shield)
rNeg    . . .        c - +0 robe
rPois   .            (helmet restricted)
rElec   .            (no cloak)
rCorr   .            (gloves unavailable)
SInv    .            (boots unavailable)
Will    .....        (no amulet)
Stlth   +            (no ring)
HPRegen 0.26/turn    (no ring)
MPRegen 0.09/turn

%: no passive effects
@: no status effects
A: large, unfitting armour, tough skin 1
a: no special abilities


You were on level 2 of the Dungeon.
You visited 1 branch of the dungeon, and saw 2 of its levels.

You collected 121 gold pieces.

Inventory:

Hand Weapons
 a - a +1 sling (weapon)
Armour
 c - a +0 robe (worn)
Talismans
 h - a serpent talisman
Scrolls
 b - a scroll of poison
 d - a scroll of enchant weapon {unknown}
 e - a scroll of teleportation
 f - 2 scrolls of identify {unknown}
Potions
 g - a potion of lignification {unknown}
 i - a potion of might {unknown}
 j - a potion of mutation {unknown}


   Skills:
 + Level 2.7 Fighting
 + Level 1.2 Maces & Flails
 - Level 1.3 Ranged Weapons
 + Level 2.3 Dodging
 - Level 1.2 Spellcasting
 - Level 2.6 Hexes
 - Level 0.8 Fire Magic


You had 4 spell levels left.
You didn't know any spells.
Your spell library contained the following spells:

 Spells                   Type           Power      Damage    Failure   Level
 Jinxbite                 Hex            18%        N/A       12%         2
 Magic Dart               Conj           0%         1d3       22%         1
 Sigil of Binding         Hex            9%         N/A       22%         3
 Inner Flame              Hex/Fire       6%         N/A       32%         3
 Call Imp                 Summ           0%         N/A       34%         2
 Mephitic Cloud           Conj/Pois/Air  0%         N/A       56%         3
 Cause Fear               Hex            4%         N/A       58%         4
 Dimensional Bullseye     Hex/Tloc       2%         N/A       78%         4


Dungeon Overview and Level Annotations

Branches:
Dungeon (2/15)

Altars:


Innate Abilities, Weirdness & Mutations

You are too large for most types of armour.
You have tough skin. (AC +1)


Message History

There is an open door here.
Found a stone staircase leading up.
No target in view!
You now have 121 gold pieces (gained 13). 4 gnolls come into view.
Found a scroll labelled EREUR CEENUWI.
The gnoll shouts! x3
The gnoll hits you from afar with a +0 spear.
The gnoll moves out of view. x2
You hear a shout!
You shoot a sling bullet. The sling bullet hits the gnoll.
The gnoll is moderately wounded.
The gnoll hits you from afar with a +0 spear.
There are monsters nearby!
You shoot a sling bullet. The sling bullet hits the gnoll.
The gnoll is moderately wounded.
There are monsters nearby!
You shoot a sling bullet.
The sling bullet hits the gnoll but does no damage.
The gnoll is moderately wounded.
There are monsters nearby!
You shoot a sling bullet. The sling bullet hits the gnoll!
The gnoll is almost dead.
The gnoll hits you with a +0 whip. The gnoll barely misses you.
The gnoll hits you but does no damage. The gnoll hits you with a +0 whip!
As you read the scroll labelled EREUR CEENUWI, it crumbles to dust.
You feel strangely unstable.
It was a scroll of teleportation.
The gnoll hits you from afar with a +0 spear!
The gnoll attacks as it pursues you! The gnoll barely misses you.
Your surroundings suddenly seem different.
Found a ring mail.
A goblin opens the door.
The gnoll attacks as it pursues you!
The gnoll hits you from afar with a +0 spear.
* * * LOW HITPOINT WARNING * * *
The goblin shouts!
The gnoll hits you from afar with a +0 spear.
* * * LOW HITPOINT WARNING * * *
The gnoll attacks as it pursues you! The gnoll hits you with a +0 club.
You die...

......#######...#####.#
.###...............gg.# .#
#.#..###.#.#######.# ##
#.#..# #.........#.###
#....###'#.###<......#
######........#.......#.
#.............#...g...#.#
#...................###..
#.............#.@g.g'...#.
#.............>.....###.#
#######......##.....[...
#......##.....###.#
#############.# #.# .# ..


You could see 2 gnolls and a goblin.

Vanquished Creatures
  2 dart slugs (D:1)
  2 ball pythons (D:1)
  6 endoplasms
  3 giant cockroaches
  A hobgoblin (D:1)
  A quokka (D:1)
  3 frilled lizards (D:1)
  A goblin (D:2)
  4 kobolds (D:1)
  4 rats
27 creatures vanquished.

Notes
Turn   | Place    | Note
-------+----------+-------------------------------------------
     0 | D:1      | Shayle the Ogre Hexslinger began the quest for the Orb.
     0 | D:1      | Reached XP level 1. HP: 19/19 MP: 2/2
   207 | D:1      | Reached XP level 2. HP: 28/28 MP: 3/3
   335 | D:1      | Reached skill level 1 in Maces & Flails
   543 | D:1      | Reached XP level 3. HP: 36/36 MP: 4/4
   978 | D:2      | Slain by a gnoll

Illustrated notes

Levels and vault maps discovered:
D:1:      tarquinn_simple_flora_water_d, layout_basic, minmay_tromino_v4_b
D:2:      layout_basic

Skill      XL: |  1  2 |
---------------+-------+-----
Dodging        | 2 |  2.3
Fighting       | 2 |  2.7
Maces & Flails | 1 |  1.2
Ranged Weapons | |  1.3
Spellcasting   | |  1.2
Hexes          | |  2.6
Fire Magic     | |  0.8

Action                     || total
---------------------------++-------
   Fire: Sling             ||    89
    Use: Scroll            ||     1
 Armour: Robe              ||    26
  Dodge: Dodged            ||    19

Table legend: (Time is in decaauts)
 A = Elapsed time spent in this place.
 B = Non-inter-level travel time spent in this place.
 C = Inter-level travel time spent in this place.
 D = Time resting spent in this place.
 E = Time spent auto-exploring this place.
 F = Levels seen in this place.
 G = Mean time per level.
                   A        B        C        D        E       F      G
               +--------+--------+--------+--------+--------+-----+--------+
         Total |   1007 |    980 |     27 |     45 |    754 |   2 |  503.5 |
       Dungeon |   1007 |    980 |     27 |     45 |    754 |   2 |  503.5 |
               +--------+--------+--------+--------+--------+-----+--------+

Top non-repeatable levels by time:
     D:1: 852 daAuts
     D:2: 154 daAuts
